 Dungeon Crawl Stone Soup version 0.23.2-40-g277498a (webtiles) character file.

Game seed: 572957009748147074

156309 Dharzhak the Severer (level 17, -8/156 HPs)
             Began as a Minotaur Fighter on Oct 13, 2019.
             Was an Initiate of Gozag.
             Mangled by a two-headed ogre
             ... wielding a +0 giant spiked club
              (16 damage)
             ... on level 15 of the Dungeon.
             The game lasted 02:08:55 (35359 turns).

Dharzhak the Severer (Minotaur Fighter)            Turns: 35359, Time: 02:09:02

Health: -8/156     AC: 25    Str: 25    XL:     17   Next: 10%
Magic:  0/23       EV: 12    Int:  5    God:    Gozag
Gold:   1470       SH: 22    Dex: 11    Spells: 16/16 levels left

rFire    + + +     SeeInvis .   T - +7 war axe (drain)
rCold    + . .     Gourm    .   g - +2 shield of Resistance {rF+ rC+ MR+}
rNeg     + . .     Faith    .   t - +3 plate armour {rPois}
rPois    +         Spirit   +   J - +2 hat
rElec    +         Reflect  +   H - scarf {Spirit}
rCorr    .         Harm     .   O - +0 pair of gloves
MR       ++...                  c - +1 pair of boots {run}
Stlth    ..........             o - +5 amulet of reflection
HPRegen  0.36/turn              E - ring of the Queen {Wiz rElec rF+}
MPRegen  0.18/turn              M - ring of Doirr {rElec rF+ rN+}

@: gold aura, glowing, quick
A: retaliatory headbutt, horns 2, weak 1
a: Potion Petition, Call Merchant, Bribe Branch, Renounce Religion


You were on level 15 of the Dungeon.
You worshipped Gozag.
Gozag was most pleased with you.
You were not hungry.

You visited 5 branches of the dungeon, and saw 25 of its levels.
You also visited: Ice Cave and Volcano.

You collected 11006 gold pieces.
You spent 3557 gold pieces at shops.
You paid 5979 gold pieces to Gozag.

Inventory:

Hand Weapons
 a - a +3 broad axe of flaming
 T - a +7 war axe of draining (weapon)
Missiles
 p - 3 steel tomahawks
 G - 5 tomahawks of returning
 K - 19 tomahawks (quivered)
 S - 5 silver javelins
Armour
 c - a +1 pair of boots of running (worn)
 g - the +2 shield of Resistance (worn) {rF+ rC+ MR+}
   (You bought it in a shop on level 15 of the Dungeon)

   It protects you from fire.
   It protects you from cold.
   It affects your resistance to hostile enchantments.
 t - a +3 plate armour of poison resistance (worn)
 H - a scarf of spirit shield (worn)
 J - a +2 hat (worn)
 O - a +0 pair of gloves (worn)
 V - a +1 cloak
Jewellery
 d - an uncursed ring of resist corrosion
 o - a +5 amulet of reflection (around neck)
 v - an uncursed ring of see invisible
 E - the ring of the Queen (left hand) {Wiz rElec rF+}
   (You found it on level 10 of the Dungeon)

   [ring of wizardry]

   It improves your spell success rate.
   It protects you from fire.
   It insulates you from electricity.
 M - the ring of Doirr (right hand) {rElec rF+ rN+}
   (You found it on level 13 of the Dungeon)

   [ring of protection from fire]

   It protects you from fire.
   It insulates you from electricity.
   It protects you from negative energy.
Wands
 b - a wand of flame (30)
 y - a wand of enslavement (49)
 C - a wand of paralysis (4)
 D - a wand of disintegration (23)
Scrolls
 h - 6 scrolls of remove curse
 i - a scroll of magic mapping
 j - a scroll of random uselessness {unknown}
 k - 5 scrolls of amnesia
 n - 7 scrolls of fear
 s - 8 scrolls of teleportation
 u - 4 scrolls of immolation
 A - 2 scrolls of fog
 L - 4 scrolls of silence
 N - a scroll of identify
Potions
 e - 4 potions of resistance
 l - 5 potions of agility
 m - 6 potions of brilliance
 q - 3 potions of invisibility
 r - 5 potions of flight
 w - 5 potions of lignification
 x - a potion of might
 z - 2 potions of magic
 B - a potion of cancellation {unknown}
 I - 2 potions of ambrosia
 P - 3 potions of mutation
 Q - 3 potions of curing
 U - 2 potions of berserk rage
Comestibles
 f - 24 rations


   Skills:
 * Level 15.2 Fighting
   Level 1.9 Long Blades
 * Level 18.3(18.4) Axes
   Level 1.3(12.5) Maces & Flails
 + Level 1.1 Throwing
 * Level 14.1 Armour
 * Level 11.2 Dodging
 * Level 17.2 Shields
 * Level 9.4 Evocations


You had 16 spell levels left.
You didn't know any spells.
Your spell library contained the following spells:

 Spells                   Type           Power        Failure   Level  Hunger
 Confusing Touch          Hex            #.....       82%         1    ##.....
 Ensorcelled Hibernation  Hex/Ice        #.....       91%         2    ###....
 Confuse                  Hex            #.......     99%         3    ####...
 Gell's Gravitas          Tloc           #.........   99%         3    ####...
 Ignite Poison            Fire/Tmut/Pois #.......     99%         3    ####...
 Petrify                  Tmut/Erth      #.......     100%        4    #####..
 Borgnjor's Vile Clutch   Necr/Erth      #.........   100%        5    ######.
 Fireball                 Conj/Fire      #.........   100%        5    ######.
 Metabolic Englaciation   Hex/Ice        #.........   100%        5    ######.
 Silence                  Hex/Air        #.........   100%        5    ######.
 Yara's Violent Unravell  Hex/Tmut       #.........   100%        5    ######.
 Bolt of Fire             Conj/Fire      #.........   100%        6    #######
 Darkness                 Hex            #.........   100%        6    #######
 Shadow Creatures         Summ           N/A          100%        6    #######
 Ring of Flames           Chrm/Fire      #.........   100%        7    #######
 Ignition                 Fire           #.........   100%        8    #######


Dungeon Overview and Level Annotations

Branches:
Dungeon (15/15)            Temple (1/1) D:5            Lair (6/6) D:8
 Shoals (0/4) Lair:4        Snake (0/4) Lair:4        Slime (0/5) Lair:6
    Orc (2/2) D:12            Elf (0/3) Orc:2        Vaults (0/5) D:14
 Depths (1/5) D:15

Altars:
Ashenzari
Cheibriados
Dithmenos
Elyvilon
Fedhas
Gozag
Hepliaklqana
Kikubaaqudgha
Makhleb
Nemelex Xobeh
Okawaru
Qazlal
Ru
Sif Muna
Trog
Uskayaw
Vehumet
Wu Jian
Xom
Yredelemnul
Zin
The Shining One
Beogh
Lugonu

Shops:
D:7 :   D:15 [([?[   Orc:2 [=[([

Portals:
Ziggurat: Depths:1


Innate Abilities, Weirdness & Mutations

You reflexively headbutt those who attack you in melee.
You have a pair of horns on your head.
You are weak. (Str -2)


Message History

You feel sick.
The daeva calls down the wrath of the Shining One upon you.
The Shining One smites you!
* * * LOW HITPOINT WARNING * * *
The daeva hits you but does no damage.
The daeva hits you with a +4 scimitar of holy wrath!
* * * LOW HITPOINT WARNING * * *
You block the two-headed ogre's attack.
The two-headed ogre hits you with a +0 giant spiked club!
* * * LOW HITPOINT WARNING * * *
You climb upwards.
Welcome back to the Dungeon!
You feel sick.
There is a staircase to the Depths, spattered with blood here.
You feel better.
The daeva calls down the wrath of the Shining One upon you.
The Shining One smites you!
* * * LOW HITPOINT WARNING * * *
The two-headed ogre closely misses you.
The two-headed ogre hits you with a +0 giant spiked club!
You die...
Your body crumbles into a pile of gold.

#......####..........#...# #.
.......#.......(.(...#...# #.
.......#......(......#...# #.
.......######(######+#..## #.
........................# ##.
.#......########........# #..
.##..8.###∩∩∩∩∩##.......# #..
..##...##......A##......# #..
...##.....#####.@#......# #..
....#####......O##......#######..
........##?/"[)##................
.........#######...............##
####.............########'###..#.
...#.............#.........(#..#.
...'.............#..........#..#.
...#.............#..........#..#.
####.#########...+..........#..#.


You could see a daeva and a two-headed ogre.

Vanquished Creatures
  Saint Roka (D:15)
  Rupert (Lair:3)
  Asterion (Depths:1)
  Gastronok (Lair:1)
  A fire giant (Depths:1)
  2 frost giants
  2 orc warlords
  A ghoul (D:15)
  3 stone giants
  An angel (D:15)
  A very ugly thing (Depths:1)
  2 entropy weavers (Lair:4)
  The ghost of sanboga the Cleaver, a journeyman GrBe of Trog (Lair:6)
  3 spark wasps (Depths:1)
  An ettin (D:15)
  A merfolk impaler (Depths:1)
  3 fire dragons
  3 jiangshi (Depths:1)
  8 ice dragons
  6 hydras
  A yaktaur captain (Depths:1)
  A vault guard (D:14)
  3 great orbs of eyes (Depths:1)
  A rakshasa (Depths:1)
  4 centaur warriors
  A catoblepas (D:15)
  A merfolk avatar (Lair:6)
  4 ogre magi (Depths:1)
  2 deep troll shamans (Depths:1)
  2 deep troll earth magi (Depths:1)
  19 two-headed ogres
  3 orc high priests (Orc:2)
  A tengu warrior (Depths:1)
  A queen ant (Lair:4)
  2 vampire magi (Depths:1)
  An iron troll (Depths:1)
  A skeletal warrior (D:15)
  2 flayed ghosts (Depths:1)
  A golden dragon zombie (Depths:1)
  A sea snake (Lair:6)
  An obsidian statue (D:13)
  3 unseen horrors
  2 glowing orange brains (Depths:1)
  6 deep trolls (Depths:1)
  A wizard (D:15)
  A harpy (Lair:6)
  4 orc knights
  3 orc sorcerers
  A necromancer (Depths:1)
  16 ugly things
  A salamander (shapeshifter) (Depths:1)
  4 cyclopes
  2 manticores
  A deep elf mage (D:15)
  Maurice (Orc:2)
  6 centaur zombies
  9 elephants (Lair:6)
  2 molten gargoyles (Volcano)
  6 centaur skeletons
  3 ice statues
  An elf skeleton (Depths:1)
  4 black mambas
  A gargoyle (Volcano)
  6 spiny frogs
  6 komodo dragons
  A yaktaur (shapeshifter) (Depths:1)
  4 rime drakes
  11 yaktaurs (Depths:1)
  2 efreet
  A freezing wraith (D:15)
  A redback zombie (D:14)
  A guardian mummy (D:15)
  5 trolls
  A tengu conjurer (Depths:1)
  4 hornets
  16 polar bears
  A wind drake (Lair:6)
  A merfolk (shapeshifter) (Depths:1)
  Prince Ribbit (D:7)
  A harpy skeleton (D:14)
  7 slime creatures
  7 blink frogs (Lair:6)
  A meliai zombie (D:14)
  6 hippogriffs
  A centaur simulacrum (D:12)
  An ice dragon skeleton (Depths:1)
  Sigmund (D:4)
  4 shadows
  4 water elementals
  A vampire (D:14)
  4 wyverns
  49 yaks
  2 fire bats (Volcano)
  2 fire elementals (Volcano)
  3 wraiths
  A steam dragon (D:13)
  A hungry ghost (D:11)
  4 basilisks
  Edmund (D:5)
  Menkaure (D:4)
  7 wargs
  11 soldier ants (Lair:4)
  15 water moccasins
  An acid dragon (D:11)
  15 porcupines
  40 orc warriors
  3 sky beasts
  A spriggan simulacrum (Depths:1)
  2 black bears
  4 ice beasts
  A necrophage (D:13)
  11 wolves (IceCv)
  An eye of draining (shapeshifter) (D:15)
  19 ogres
  5 centaurs
  3 phantoms (D:7)
  14 crocodiles
  12 bullfrogs
  A wyvern zombie (D:9)
  A big kobold (D:8)
  Blork the orc (D:4)
  An earth elemental (Volcano)
  A water moccasin zombie (D:8)
  2 wyvern skeletons
  6 scorpions
  9 killer bees
  5 wights (D:10)
  An electric eel (D:11)
  4 howler monkeys
  9 crimson imps
  2 bullfrog zombies
  2 quasits
  8 hounds
  7 lava snakes (Volcano)
  A bullfrog skeleton (D:7)
  12 jellies
  30 orc priests
  4 iguanas
  Terence (D:3)
  4 hell rats (Lair:2)
  38 orc wizards
  26 worker ants
  2 human simulacra (D:14)
  2 hound skeletons
  2 mummies (D:15)
  Robin (D:3)
  A worker ant zombie (D:7)
  17 adders
  5 river rats (Lair:2)
  6 shadow imps
  12 white imps (D:12)
  6 oozes
  2 adder skeletons
  A worm (D:3)
  A dart slug (D:2)
  6 leopard geckos
  146 orcs
  5 giant cockroaches
  5 hobgoblins
  19 jackals
  6 kobolds
  5 quokkas
  5 ball pythons
  9 bats
  6 frilled lizards
  24 goblins
  2 jackal skeletons
  2 leopard gecko zombies
  11 rats
  A fungus (Lair:6)
  5 plants
994 creatures vanquished.

Vanquished Creatures (others)
  A yaktaur captain (Depths:1)
  An orc wizard (Orc:2)
  An orc (Orc:2)
  9 fungi
  46 plants
58 creatures vanquished.

Grand Total: 1052 creatures vanquished

Notes
Turn   | Place    | Note
-------+----------+-------------------------------------------
     0 | D:1      | Dharzhak the Minotaur Fighter began the quest for the Orb.
     0 | D:1      | Reached XP level 1. HP: 19/19 MP: 0/0
   246 | D:1      | Reached XP level 2. HP: 25/27 MP: 1/1
   836 | D:2      | Found an ancient bone altar of Kikubaaqudgha.
   868 | D:2      | Reached XP level 3. HP: 32/33 MP: 2/2
   939 | D:2      | Reached skill level 3 in Axes
   939 | D:2      | Reached XP level 4. HP: 38/40 MP: 3/3
  1054 | D:2      | Found a faded altar of an unknown god.
  1154 | D:2      | Reached skill level 1 in Dodging
  1450 | D:3      | Found a sacrificial altar of Ru.
  1478 | D:3      | Noticed Terence
  1484 | D:3      | Killed Terence
  1488 | D:3      | Reached XP level 5. HP: 46/46 MP: 4/4
  1513 | D:3      | Reached skill level 4 in Axes
  1723 | D:3      | Found a sparkling altar of Nemelex Xobeh.
  1887 | D:3      | Noticed Robin
  1896 | D:3      | Killed Robin
  2388 | D:4      | Noticed Sigmund
  2388 | D:4      | Noticed Menkaure
  2600 | D:4      | Reached skill level 5 in Shields
  2619 | D:4      | Found a blossoming altar of Fedhas.
  2629 | D:4      | Reached XP level 6. HP: 45/53 MP: 5/5
  2648 | D:4      | Reached skill level 5 in Axes
  3059 | D:4      | Killed Menkaure
  3149 | D:4      | Noticed Blork the orc
  3154 | D:4      | Killed Blork the orc
  3158 | D:4      | Reached skill level 5 in Armour
  3158 | D:4      | Reached XP level 7. HP: 51/60 MP: 6/6
  3220 | D:4      | Found an opulent altar of Gozag.
  3226 | D:4      | Became a worshipper of Gozag Ym Sagoz the Greedy
  3267 | D:4      | Found an ornate altar of the Wu Jian Council.
  3267 | D:4      | Found a stormy altar of Qazlal.
  3272 | D:4      | Reached skill level 5 in Fighting
  3273 | D:4      | Killed Sigmund
  3273 | D:4      | Reached skill level 6 in Axes
  3273 | D:4      | Reached skill level 1 in Evocations
  3274 | D:4      | Found a shattered altar of Ashenzari.
  3681 | D:5      | Entered Level 5 of the Dungeon
  3705 | D:5      | Found a white marble altar of Elyvilon.
  3712 | D:5      | Found a staircase to the Ecumenical Temple.
  3758 | D:5      | Reached skill level 7 in Axes
  3955 | D:5      | Reached XP level 8. HP: 56/69 MP: 8/8
  4210 | D:5      | Found a glowing silver altar of Zin.
  4595 | D:5      | Noticed Edmund
  4600 | D:5      | Killed Edmund
  5050 | D:6      | Reached skill level 8 in Axes
  5311 | D:6      | Found a glowing golden altar of the Shining One.
  5316 | D:6      | Found a basalt altar of Yredelemnul.
  5318 | D:6      | Noticed a profane servitor
  5615 | D:6      | Noticed an angel
  5870 | D:7      | Noticed Prince Ribbit
  5881 | D:7      | Killed Prince Ribbit
  5881 | D:7      | Reached skill level 9 in Axes
  5881 | D:7      | Reached XP level 9. HP: 64/75 MP: 9/9
  5919 | D:7      | Found Pacroy Piusa's Book Boutique.
  5997 | D:7      | Found a deep blue altar of Sif Muna.
  5997 | D:7      | Found a hide-covered altar of Uskayaw.
  6674 | D:8      | Noticed a two-headed ogre
  6679 | D:8      | Killed a two-headed ogre
  6679 | D:8      | Reached skill level 10 in Axes
  6757 | D:8      | Found Jeres's Weapon Shop.
  7086 | D:8      | Reached XP level 10. HP: 76/86 MP: 11/11
  7106 | D:8      | Noticed a two-headed ogre
  7127 | D:8      | Killed a two-headed ogre
  7127 | D:8      | Reached skill level 11 in Axes
  7127 | D:8      | Reached skill level 5 in Dodging
  7833 | D:8      | Found a staircase to the Lair.
  9050 | D:10     | Entered Level 10 of the Dungeon
  9052 | D:10     | Got a translucent tin ring
  9083 | D:9      | Identified the ring of the Queen {Wiz rElec rF+} (You found
                  | it on level 10 of the Dungeon)
  9192 | D:10     | Reached skill level 12 in Axes
  9296 | D:10     | Noticed a two-headed ogre
  9422 | D:9      | Killed a two-headed ogre
  9422 | D:9      | Reached XP level 11. HP: 78/95 MP: 13/13
  9751 | D:10     | Noticed a two-headed ogre
  9759 | D:10     | Killed a two-headed ogre
  9802 | D:10     | Found a roughly hewn altar of Beogh.
 10249 | D:11     | Noticed a brown ugly thing
 10528 | D:11     | Killed a brown ugly thing
 10639 | D:11     | Paralysed by a hornet for 3 turns
 10945 | D:11     | Noticed a centaur warrior
 10965 | D:11     | Killed a centaur warrior
 10965 | D:11     | Reached skill level 13 in Axes
 11195 | D:11     | Reached skill level 5 in Evocations
 11627 | D:11     | Reached skill level 10 in Shields
 12091 | D:12     | Noticed an unseen horror
 12102 | D:12     | Killed an unseen horror
 12159 | D:12     | Found a frozen archway.
 12300 | IceCv    | Entered an ice cave
 12656 | IceCv    | Reached XP level 12. HP: 102/105 MP: 14/14
 13202 | IceCv    | Reached skill level 10 in Armour
 13257 | IceCv    | Reached skill level 14 in Axes
 13541 | IceCv    | Noticed a frost giant
 13546 | IceCv    | Killed a frost giant
 13546 | IceCv    | Reached skill level 10 in Fighting
 13591 | IceCv    | Got a crystal great mace
 13595 | IceCv    | Got an iridescent battleaxe
 14066 | D:12     | Found a staircase to the Orcish Mines.
 14674 | D:12     | Found a roughly hewn altar of Beogh.
 14714 | D:12     | Noticed a seven-headed hydra
 14726 | D:12     | Killed a seven-headed hydra
 15025 | D:13     | Reached skill level 1 in Maces & Flails
 15311 | D:13     | Noticed a two-headed ogre
 15324 | D:13     | Killed a two-headed ogre
 16343 | D:13     | HP: 3/108 [ice statue] (8)]
 16699 | D:13     | Got a slimy marble ring
 16717 | D:13     | Identified the ring of Doirr {rElec rF+ rN+} (You found it
                  | on level 13 of the Dungeon)
 16732 | D:13     | Paralysed by a chaos spawn for 5 turns
 17057 | D:13     | Gained mutation: You are weak. (Str -2) [a neqoxec]
 17063 | D:13     | Reached XP level 13. HP: 96/114 MP: 13/16
 17236 | D:14     | You fall through a shaft!
 17236 | D:15     | Entered Level 15 of the Dungeon
 17243 | D:15     | Reached skill level 15 in Axes
 17800 | D:14     | Found a gate to the Vaults.
 18541 | D:14     | Identified the +1 battleaxe of the Badger {speed, rN+} (You
                  | found it in an ice cave)
 18569 | D:15     | Reached skill level 1 in Throwing
 19213 | D:15     | Noticed a fire dragon
 19231 | D:15     | Killed a fire dragon
 19231 | D:15     | Reached skill level 16 in Axes
 19237 | D:15     | Found a staircase to the Depths.
 19303 | D:15     | Noticed a ghoul
 19326 | D:15     | HP: 2/175 [ghoul (17)]
 19327 | D:15     | Killed a ghoul
 20086 | Orc:1    | Entered Level 1 of the Orcish Mines
 20287 | D:15     | Bought a runed cloak for 157 gold pieces
 20287 | D:15     | Bought a shiny large shield for 157 gold pieces
 20447 | D:15     | Bought a scroll of silence for 105 gold pieces
 20447 | D:15     | Bought a scroll of vulnerability for 105 gold pieces
 20447 | D:15     | Bought a scroll of torment for 105 gold pieces
 20447 | D:15     | Bought a scroll of silence for 105 gold pieces
 20447 | D:15     | Bought a scroll of remove curse for 42 gold pieces
 20447 | D:15     | Bought a scroll of magic mapping for 49 gold pieces
 20447 | D:15     | Bought a scroll of enchant weapon for 105 gold pieces
 20447 | D:15     | Bought a scroll of teleportation for 42 gold pieces
 20518 | D:15     | Bought a dazzling chain mail for 351 gold pieces
 20518 | D:15     | Identified the +6 chain mail of Wukhea {Int+4} (You bought
                  | it in a shop on level 15 of the Dungeon)
 20688 | Orc:1    | Noticed an orc warlord
 20692 | Orc:1    | Reached XP level 14. HP: 125/125 MP: 18/18
 20716 | Orc:1    | Killed an orc warlord
 21219 | Orc:2    | Entered Level 2 of the Orcish Mines
 21229 | Orc:2    | Paralysed by an orc sorcerer for 2 turns
 21626 | Orc:2    | Found a staircase to the Elven Halls.
 21634 | Orc:2    | Noticed Maurice
 21644 | Orc:2    | Killed Maurice
 21663 | Orc:2    | Noticed an orc warlord
 21683 | Orc:2    | Killed an orc warlord
 21685 | Orc:2    | Found Lovept's Antique Armour Shop.
 21688 | Orc:2    | Found a roughly hewn altar of Beogh.
 21693 | Orc:2    | Found Bekobikh's Antique Weapon Boutique.
 22052 | Orc:2    | Found a roughly hewn altar of Beogh.
 22058 | Orc:2    | Found Zenueq's Antique Armour Boutique.
 22101 | Orc:2    | Bought a pair of glowing boots for 225 gold pieces
 22106 | Orc:2    | Identified a +1 pair of boots of running (You bought it in
                  | a shop on level 2 of the Orcish Mines)
 22106 | Orc:2    | Bought a smoking chain mail for 285 gold pieces
 22157 | Orc:2    | Found a roughly hewn altar of Beogh.
 22209 | Orc:2    | Found Vucoiphocacs's Antique Armour Shop.
 22258 | Orc:2    | Found a roughly hewn altar of Beogh.
 22314 | Orc:2    | Found a roughly hewn altar of Beogh.
 22321 | Orc:2    | Found Jetsel's Jewellery Shop.
 22344 | Orc:2    | Bought a +5 amulet of reflection for 494 gold pieces
 22438 | Orc:2    | Found a roughly hewn altar of Beogh.
 22697 | Lair:1   | Entered Level 1 of the Lair of Beasts
 22793 | Lair:1   | Noticed Gastronok
 22810 | Lair:1   | Killed Gastronok
 24632 | Lair:3   | Noticed Rupert
 24643 | Lair:3   | Killed Rupert
 24761 | Lair:3   | Identified the cursed +0 chain mail of Jaulith {Int+4} (You
                  | bought it in a shop on level 2 of the Orcish Mines)
 25333 | Lair:4   | You fall through a shaft for 2 floors!
 25333 | Lair:6   | Entered Level 6 of the Lair of Beasts
 25333 | Lair:6   | Found a staircase to the Slime Pits.
 25372 | Lair:6   | Found a dark tunnel.
 25383 | Volcano  | Entered a volcano
 25596 | Volcano  | Found a burning altar of Makhleb.
 25606 | Volcano  | Noticed a stone giant
 25623 | Volcano  | Killed a stone giant
 25623 | Volcano  | Reached XP level 15. HP: 135/135 MP: 19/19
 26132 | Lair:6   | Reached skill level 17 in Axes
 26339 | Lair:6   | Found a runed translucent door.
 26429 | Lair:6   | Reached skill level 1 in Long Blades
 26746 | Lair:6   | Reached skill level 10 in Dodging
 26776 | Lair:6   | Reached skill level 15 in Shields
 26959 | Lair:6   | Noticed sanboga's ghost (journeyman GrBe)
 26990 | Lair:6   | Killed sanboga's ghost
 28635 | Lair:4   | Found a staircase to the Snake Pit.
 29426 | Lair:4   | Found a staircase to the Shoals.
 29888 | Temple   | Entered the Ecumenical Temple
 30201 | D:15     | Bought a glowing broad axe for 203 gold pieces
 30232 | D:15     | Bought the +2 shield of Resistance {rF+ rC+ MR+} for 1027
                  | gold pieces
 30232 | D:15     | Found the +2 shield of Resistance {rF+ rC+ MR+}
 30253 | Depths:1 | Entered Level 1 of the Depths
 30253 | Depths:1 | Noticed Saint Roka
 30778 | D:15     | Killed Saint Roka
 31283 | Depths:1 | Noticed a tengu reaver
 31369 | Depths:1 | Noticed Asterion
 31390 | Depths:1 | Killed Asterion
 31395 | Depths:1 | Reached XP level 16. HP: 51/146 MP: 13/21
 32142 | Depths:1 | Found a gateway to a ziggurat.
 32443 | Depths:1 | Reached skill level 18 in Axes
 33811 | Depths:1 | Reached skill level 15 in Fighting
 34238 | Depths:1 | Reached XP level 17. HP: 93/156 MP: 19/23
 35357 | Depths:1 | HP: 7/156 [two-headed ogre/+0 giant spiked club (13)]
 35359 | D:15     | Mangled by a two-headed ogre

Skill      XL: |  1  2  3  4  5  6  7  8  9 10 11 12 13 14 15 16 |
---------------+-------------------------------------------------+-----
Shields        | 4 5 6 7 8 9 10 11 12 14 15 17 | 17.2
Armour         | 4 5 6 7 8 9 11 12 13 14 | 14.1
Fighting       | 4 5 6 7 8 9 10 11 13 14 15 | 15.2
Axes           | 3 4 5 7 9 10 12 13 14 16 17 18 | 18.3
Dodging        | 1 2 3 4 5 6 7 8 9 10 11 | 11.2
Evocations     | 1 2 3 4 5 6 7 8 9 |  9.4
Maces & Flails | 1 |  1.3
Throwing       | 1 |  1.1
Long Blades    | 1 |  1.9

Action                   |  1- 3 |  4- 6 |  7- 9 | 10-12 | 13-15 | 16-18 || total
-------------------------+-------+-------+-------+-------+-------+-------++-------
Melee: War axe           |    60 |   154 |   278 |   877 |  1276 |   477 ||  3122
       Headbutt          |     8 |    16 |    48 |   212 |   311 |   132 ||   727
       Flail             |       |       |       |     8 |       |       ||     8
       Scimitar          |       |       |       |       |    27 |       ||    27
Throw: Tomahawk          |       |       |       |    17 |    20 |     4 ||    41
Invok: Potion Petition   |       |       |       |     2 |       |     1 ||     3
       Call Merchant     |       |       |       |       |     5 |       ||     5
Evoke: Wand              |       |       |     4 |    20 |     4 |     1 ||    29
  Use: Scroll            |       |     6 |    13 |     6 |    19 |     2 ||    46
       Potion            |       |     1 |     2 |    10 |    12 |     3 ||    28
 Stab: Distracted        |       |       |       |     3 |     8 |     7 ||    18
  Eat: Chunk             |       |     4 |     1 |       |       |       ||     5
       Ration            |       |     1 |     4 |     9 |    13 |     4 ||    31
Armor: Scale mail        |    31 |     7 |       |       |       |       ||    38
       Plate armour      |       |    23 |       |   248 |   370 |   153 ||   794
       Chain mail        |       |    93 |   135 |   123 |       |       ||   351
Dodge: Dodged            |    29 |    46 |    93 |   283 |   216 |   107 ||   774
Block: Shield            |    38 |   102 |   171 |   492 |   257 |   411 ||  1471
       Large shield      |       |       |       |       |   945 |       ||   945
       Reflection        |       |       |       |       |    23 |     9 ||    32
       Rpst.: Scimitar   |       |       |       |       |     1 |       ||     1
